[Event "Team 45 45 League T41"]
[Site "Internet Chess Club"]
[Date "2009.05.10"]
[Round "2"]
[White "markgravitygood"]
[Black "chessateer"]
[Result "1-0"]
[WhiteElo "1860"]
[BlackElo "1828"]
[Opening "Bishop's opening: Berlin defense"]
[ECO "C24"]
[Time "12:08:13"]
[TimeControl "2700+45"]

1. e4 e5 2. Bc4 Nf6 3. d3 c6 4. Nf3 d5 5. Bb3 Bd6 6. Nc3 dxe4 7. Nxe4 Nxe4 8.
dxe4 Bb4+ 9. c3 Qxd1+ 10. Kxd1 Bd6 11. Ke2 Nd7 12. Rd1 Bc7 13. Be3 O-O 14. Nd2
b5 15. a4 Nb6 16. axb5 cxb5 17. Bxb6 Bxb6 18. Nf3 Bg4 19. Rd5 b4 20. Rxe5 bxc3
21. bxc3 Rac8 22. Rc1 Bd4 23. Re7 Bxc3 24. Rxa7 Bd4 25. Rxf7 Kh8 26. Rxc8 Bxf3+
27. Kxf3 Rxc8 28. Kg4 h6 29. f4 Rc3 30. Rf8+ Kh7 31. Bg8+ Kg6 32. f5# {Black
checkmated} 1-0

[Event "Team 45 45 League T41"]
[Site "Internet Chess Club"]
[Date "2009.05.11"]
[Round "2"]
[White "ddlj81"]
[Black "PaulKaspar"]
[Result "0-1"]
[WhiteElo "1877"]
[BlackElo "1869"]
[Opening "Caro-Kann: classical, Spassky variation"]
[ECO "B19"]
[Time "22:03:09"]
[TimeControl "2700+45"]

1. e4 c6 2. d4 d5 3. Nc3 dxe4 4. Nxe4 Bf5 5. Ng3 Bg6 6. h4 h6 7. Nf3 Nd7 8. h5
Bh7 9. Bd3 Bxd3 10. Qxd3 e6 11. Bf4 Qa5+ 12. Bd2 Qb6 13. O-O-O O-O-O 14. Ne4
Ngf6 15. Nxf6 Nxf6 16. Ne5 Rxd4 17. Qf3 Bc5 18. Nxf7 Rf8 19. Ne5 Ng4 20. Qg3
Nxf2 21. Ng6 Nxh1 22. Rxh1 Rfd8 23. Bc3 R4d7 24. Qg4 Bd4 25. Qxe6 Bxc3 26. bxc3
Qa5 27. Kb2 Kb8 28. Nf4 Qg5 29. Qc4 Qb5+ 30. Qb3 Qxb3+ 31. axb3 Rf7 32. Nd3 Re8
33. Rh3 Kc7 34. Rg3 b6 35. Rg6 Ree7 36. Nb4 Rf6 37. Rg4 a5 38. Nd3 Rfe6 39. b4
a4 40. b5 cxb5 41. Nb4 Re5 42. Rd4 Rd7 43. Rh4 Rd2 44. g3 Rg2 45. Rf4 Rxg3 46.
Rf7+ Kd6 47. Rb7 Rxh5 48. Rxb6+ Kc7 49. Rc6+ Kd7 50. Ra6 g5 51. Nd5 Rhh3 52. Rb6
h5 53. Rxb5 Rh1 54. Nf6+ Kc6 55. Ra5 Rgg1 56. c4 a3+ 57. Ka2 Ra1+ 58. Kb3 Rhb1+
59. Kc3 a2 60. Nxh5 Rh1 61. Rxg5 Rab1 62. Ra5 a1=Q+ 63. Rxa1 Rxa1 64. Nf4 Rab1
65. Nd3 Rh3 66. Kd2 Kd6 67. Nf4 Rf3 68. Nd5 Kc5 69. Ke2 Rbf1 70. Kd2 Kxc4 {White
resigns} 0-1

[Event "Team 45 45 League T41"]
[Site "Internet Chess Club"]
[Date "2009.05.12"]
[Round "2"]
[White "Gupta"]
[Black "touchthis"]
[Result "0-1"]
[WhiteElo "1917"]
[BlackElo "1860"]
[Opening "Budapest: Rubinstein variation"]
[ECO "A52"]
[Time "22:00:08"]
[TimeControl "2700+45"]

1. d4 Nf6 2. c4 e5 3. dxe5 Ng4 4. Bf4 Nc6 5. Nf3 Bb4+ 6. Nc3 Bxc3+ 7. bxc3 Qe7
8. e6 dxe6 9. e4 O-O 10. e5 Qc5 11. Bd3 Qxf2# {White checkmated} 0-1

[Event "Team 45 45 League T41"]
[Site "Internet Chess Club"]
[Date "2009.05.11"]
[Round "2"]
[White "RandyPCC"]
[Black "BraafPaard"]
[Result "0-1"]
[WhiteElo "1724"]
[BlackElo "1553"]
[Opening "Budapest: Adler variation"]
[ECO "A52"]
[Time "19:01:23"]
[TimeControl "2700+45"]

1. d4 Nf6 2. c4 e5 3. dxe5 Ng4 4. Nf3 Bc5 5. e3 Nc6 6. Nbd2 Ngxe5 7. Be2 O-O 8.
O-O a5 9. b3 d6 10. Bb2 Nxf3+ 11. Bxf3 Ne5 12. Be4 c6 13. Re1 f5 14. Bc2 Qf6 15.
Rb1 Qh6 16. Nf3 Nxf3+ 17. Qxf3 Be6 18. Rbd1 Rad8 19. Bc1 Qf6 20. e4 fxe4 21.
Bxe4 Bxf2+ 22. Kh1 Qxf3 23. Bxf3 Bxe1 24. Rxe1 Bf5 25. Rd1 Rfe8 26. h3 Be4 27.
Bg4 d5 28. Bg5 Ra8 29. c5 h6 30. Bh4 g5 31. Bg3 Kg7 32. Rf1 Rf8 33. Rd1 Kg6 34.
Kg1 Bf5 35. Bf3 Rfe8 36. Kf2 Re6 37. Bd6 Rxd6 38. cxd6 Rd8 39. Re1 Rxd6 40. Re7
Rd7 41. Re8 Bb1 42. a3 Ba2 43. Bd1 Bb1 44. Ke3 d4+ 45. Kd2 Bf5 46. g4 Kf7 47.
Ra8 Be4 48. Rxa5 Bg2 49. Ra7 c5 50. a4 Rd6 51. Kd3 Kf6 52. Kc4 d3 53. Kxc5 Rc6+
54. Kd4 Rc1 55. Ra5 Rxd1 56. Rf5+ Kg6 57. Re5 Rb1 58. Kc3 d2 59. Kxd2 Rxb3 60.
Re6+ Kg7 61. Re7+ Kf6 62. Rh7 Rxh3 63. a5 Kg6 64. Rd7 Kf6 65. Rd6+ Ke5 66. Rb6
Kf4 67. Rb4+ Kg3 68. Kc3 Kh4+ 69. Kd4 Kxg4 70. Ke5+ Kh5 71. Kf6 Ra3 72. Rb5 Bc6
73. Rc5 Bf3 74. Re5 Ra4 75. Kg7 Rd4 76. Re6 Rd7+ 77. Kf6 g4 78. Re5+ Kh4 79. Kg6
Rd6+ 80. Kf5 Rd5 {White resigns} 0-1

[Event "Team 45 45 League T41"]
[Site "Internet Chess Club"]
[Date "2009.05.08"]
[Round "2"]
[White "FutureCGA"]
[Black "ConradoSalazar"]
[Result "0-1"]
[WhiteElo "1900"]
[BlackElo "1821"]
[Opening "Sicilian: Canal-Sokolsky attack, 3...Bd7"]
[ECO "B52"]
[Time "17:01:32"]
[TimeControl "2700+45"]

1. e4 c5 2. Nf3 d6 3. Bb5+ Bd7 4. Bxd7+ Nxd7 5. O-O Ngf6 6. Re1 g6 7. c3 Bg7 8.
d4 O-O 9. e5 dxe5 10. dxe5 Ng4 11. e6 Nde5 12. Nxe5 Nxe5 13. Nd2 fxe6 14. Ne4
Nd3 15. Re2 Qd5 16. Bg5 Bf6 17. Bh6 Rfd8 18. Qc2 c4 19. a4 Qh5 20. Be3 Be5 21.
h3 Qf5 22. Ng3 Bxg3 23. fxg3 Qd5 24. Rd1 e5 25. Qd2 Rd7 26. Bg5 Qc6 27. Qe3 Qxa4
28. Rf1 Qc6 29. Kh2 a5 30. Bh6 Rd6 31. Bg5 Re6 32. b3 e4 33. Bh6 Rf6 34. Qd4 e5
35. Rxf6 exd4 36. Rxc6 bxc6 37. Rxe4 cxb3 {White resigns} 0-1

[Event "Team 45 45 League T41"]
[Site "Internet Chess Club"]
[Date "2009.05.10"]
[Round "2"]
[White "Spencer"]
[Black "Portola"]
[Result "1-0"]
[WhiteElo "1789"]
[BlackElo "1701"]
[Opening "French: exchange variation"]
[ECO "C01"]
[Time "18:00:13"]
[TimeControl "2700+45"]

1. e4 e6 2. d4 d5 3. exd5 exd5 4. c4 c6 5. Nc3 Nf6 6. Bg5 Be7 7. Nf3 Be6 8. cxd5
Nxd5 9. Bxe7 Qxe7 10. Be2 Nd7 11. Nxd5 Bxd5 12. O-O O-O 13. Re1 Qf6 14. Qd2 Rfe8
15. Qg5 Qxg5 16. Nxg5 f6 17. Nh3 Re4 18. Bd3 Rxd4 19. Rad1 Ne5 20. Bxh7+ Kxh7
21. Rxd4 Bxa2 22. f4 Ng6 23. Rd7 b6 24. Ra1 Be6 25. Rdxa7 Rd8 26. Rb7 Nh4 27.
Nf2 Rg8 28. Rxb6 Bd5 29. Rb7 Bxg2 30. Ng4 Kg6 31. Kf2 Be4 32. Ne3 Rd8 33. Kg3
Rd3 34. Kxh4 Rxe3 35. Raa7 Bg2 36. Rxg7+ Kf5 37. Rxg2 Kxf4 38. Ra4+ Kf5 39. Rc4
Re8 40. Rf2+ Kg6 41. Rxc6 {Black resigns} 1-0

[Event "Team 45 45 League T41"]
[Site "Internet Chess Club"]
[Date "2009.05.10"]
[Round "2"]
[White "frankd"]
[Black "Karan99"]
[Result "1-0"]
[WhiteElo "1567"]
[BlackElo "1533"]
[Opening "Sicilian: closed"]
[ECO "B24"]
[Time "13:00:08"]
[TimeControl "2700+45"]

1. e4 c5 2. Nc3 Nc6 3. g3 g6 4. Bg2 Bg7 5. d3 e6 6. f4 Nge7 7. Nf3 d5 8. e5 O-O
9. O-O f6 10. exf6 Bxf6 11. Re1 Qc7 12. Qe2 Bd4+ 13. Nxd4 Nxd4 14. Qf2 e5 15.
Nxd5 Nxd5 16. Bxd5+ Be6 17. Bxe6+ Nxe6 18. Rxe5 Qxe5 19. fxe5 Rxf2 20. Kxf2 Rf8+
21. Kg2 Nd4 22. c3 Nc2 23. Rb1 Ne1+ 24. Kh3 Nxd3 25. Be3 Nxe5 26. Bxc5 Nd7 27.
Bxf8 Nxf8 28. Rd1 Ne6 29. Kg4 h5+ 30. Kf3 Nc5 31. b3 Kf7 32. Rd5 Ne6 33. Rd7+
Kf6 34. Rxb7 Ng5+ 35. Ke3 a5 36. Ra7 Ke6 37. Rxa5 Nh3 38. c4 Kf6 39. c5 Ng5 40.
b4 Ke6 41. Ra6+ Kf5 42. b5 Ne6 43. Rxe6 Kxe6 44. b6 Kd7 45. a4 Kc8 46. a5 Kb7
47. Kf4 g5+ 48. Kxg5 Kc6 49. a6 Kxc5 50. b7 Kb6 51. b8=Q+ Kxa6 52. Kf5 h4 53.
Ke5 hxg3 54. hxg3 Ka5 55. Kd4 Ka6 56. Kc5 Ka5 57. Qb5# {Black checkmated} 1-0

[Event "Team 45 45 League T41"]
[Site "Internet Chess Club"]
[Date "2009.05.10"]
[Round "2"]
[White "ZacAttack99"]
[Black "tryanything"]
[Result "1/2-1/2"]
[WhiteElo "1456"]
[BlackElo "1599"]
[Opening "two knights defense: Fritz variation"]
[ECO "C57"]
[Time "17:56:52"]
[TimeControl "2700+45"]

1. e4 e5 2. Nf3 Nc6 3. Bc4 Nf6 4. Ng5 d5 5. exd5 Nd4 6. Nc3 h6 7. Nf3 Nxf3+ 8.
Qxf3 Bd6 9. h3 O-O 10. O-O a6 11. d3 Bd7 12. Be3 b5 13. Bb3 Qc8 14. d4 Re8 15.
dxe5 Rxe5 16. Bd4 Rf5 17. Qe2 c5 18. dxc6 Bxc6 19. Bxf6 Rxf6 20. Bd5 Bxd5 21.
Nxd5 Rg6 22. Qf3 Rb8 23. c3 Qc5 24. Rad1 a5 25. b4 axb4 26. cxb4 Qc4 27. a3 Qa2
28. Rfe1 Kf8 29. Rc1 Qd2 30. Rcd1 Qc2 31. Ne3 Qc3 32. Rc1 Qxa3 33. Rb1 Bxb4 34.
Red1 Bd6 35. Qe4 Re8 36. Qb7 b4 37. Ra1 Qc3 38. Ra8 Qc7 39. Rxe8+ Kxe8 40. Qa8+
Qb8 41. Qxb8+ Bxb8 42. Rc1 Rb6 43. Nd5 Rb7 44. Re1+ Kd7 45. Re7+ Kc6 46. Rxb7
Kxb7 47. Nxb4 Be5 {Game drawn by mutual agreement} 1/2-1/2

[Event "Team 45 45 League T41"]
[Site "Internet Chess Club"]
[Date "2009.05.10"]
[Round "2"]
[White "Ptzz"]
[Black "Folgers"]
[Result "0-1"]
[WhiteElo "2112"]
[BlackElo "2082"]
[Opening "QGD Slav: Dutch variation"]
[ECO "D18"]
[Time "18:00:13"]
[TimeControl "2700+45"]

1. d4 d5 2. c4 c6 3. Nf3 Nf6 4. Nc3 dxc4 5. a4 Bf5 6. e3 e6 7. Bxc4 Bb4 8. O-O
Nbd7 9. Qe2 Bg6 10. Rd1 O-O 11. Ne5 Nxe5 12. dxe5 Nd7 13. f4 Qe7 14. Na2 Ba5 15.
Bd2 Bxd2 16. Rxd2 Nb6 17. Nc3 Rfd8 18. Rad1 Rxd2 19. Rxd2 Qb4 20. Bd3 Nxa4 21.
Nxa4 Qxa4 22. e4 Qd4+ 23. Kh1 Rd8 24. Rd1 Bxe4 25. Bc2 Bxg2+ 26. Kxg2 Qb6 27.
Rxd8+ Qxd8 28. Qd3 Qh4 29. Qg3 Qe7 30. Qh3 g6 31. Qd3 Kg7 32. Qa3 Qh4 33. Qg3
Qd8 34. Qe3 Qa5 35. Kg3 Qb4 36. Qc3 Qb6 37. Kg2 Qb5 38. Bd1 b6 39. h4 c5 40. h5
a5 41. b3 Qd7 42. Qf3 Qd2+ 43. Kh3 b5 44. Qg4 c4 45. bxc4 bxc4 46. Bf3 a4 47.
Qg5 Qd3 48. h6+ Kf8 49. Kg3 c3 50. Qf6 c2 51. Qh8+ Ke7 52. Qf6+ Ke8 53. Qh8+ Kd7
54. Qxh7 Qf5 55. Bg4 Qd3+ 56. Bf3 Ke7 57. Qh8 c1=Q 58. Qf6+ Ke8 59. h7 Qg1+ 60.
Kh4 Qh2+ 61. Kg5 Qf5+ 62. Qxf5 exf5 63. Bc6+ Ke7 64. Bf3 Qxh7 {White resigns}
0-1

[Event "Team 45 45 League T41"]
[Site "Internet Chess Club"]
[Date "2009.05.09"]
[Round "2"]
[White "FutureCGA"]
[Black "Zumbi"]
[Result "1-0"]
[WhiteElo "1923"]
[BlackElo "2036"]
[Opening "Sicilian: Canal-Sokolsky attack, 3...Bd7"]
[ECO "B52"]
[Time "13:00:21"]
[TimeControl "2700+45"]

1. e4 c5 2. Nf3 d6 3. Bb5+ Bd7 4. Bxd7+ Qxd7 5. O-O Nf6 6. Re1 Nc6 7. c3 e6 8.
d4 cxd4 9. cxd4 d5 10. e5 Ne4 11. Ng5 Nxg5 12. Bxg5 Be7 13. Qg4 Bxg5 14. Qxg5
O-O 15. Rd1 Rac8 16. Nc3 Na5 17. Ne2 Rc2 18. Nf4 f6 19. Qg4 f5 20. Qg5 Rxb2 21.
Rd3 Rf7 22. Rh3 Nc6 23. Nh5 Kf8 24. Nf4 h6 25. Ng6+ Ke8 26. Qc1 Rb4 27. Rc3 Rxd4
28. Rb1 a6 29. h3 Kd8 30. Kh2 Na5 31. Qe3 Ra4 32. Qb6+ Ke8 33. Qa7 Nc6 34. Rxc6
Rc4 35. Qb8+ Qd8 36. Rxe6+ {Black resigns} 1-0

[Event "Team 45 45 League T41"]
[Site "Internet Chess Club"]
[Date "2009.05.12"]
[Round "2"]
[White "PaulKaspar"]
[Black "MeanMrMustard"]
[Result "0-1"]
[WhiteElo "1857"]
[BlackElo "1970"]
[Opening "Sicilian defense"]
[ECO "B20"]
[Time "20:11:07"]
[TimeControl "2700+45"]

1. e4 c5 2. Bd3 e5 3. Nf3 Nc6 4. c3 Nf6 5. Bc2 d5 6. exd5 Qxd5 7. d3 Bg4 8. Bb3
Qd7 9. O-O O-O-O 10. Ba4 Bd6 11. Re1 Rhe8 12. Nbd2 a6 13. Bxc6 Qxc6 14. h3 Bh5
15. g4 Nxg4 16. hxg4 Bxg4 17. Ne4 f5 18. Nxd6+ Rxd6 19. Rxe5 Rg6 20. Rxe8+ Qxe8
21. Qe1 Bxf3+ {White resigns} 0-1

[Event "Team 45 45 League T41"]
[Site "Internet Chess Club"]
[Date "2009.05.10"]
[Round "2"]
[White "mitus"]
[Black "pishd"]
[Result "1/2-1/2"]
[WhiteElo "1774"]
[BlackElo "1729"]
[Opening "Caro-Kann: classical variation"]
[ECO "B18"]
[Time "11:03:08"]
[TimeControl "2700+45"]

1. e4 c6 2. d4 d5 3. Nc3 dxe4 4. Nxe4 Bf5 5. Ng3 Bg6 6. Bc4 e6 7. h4 h6 8. N1e2
Nf6 9. Bf4 Bd6 10. Qd2 Qc7 11. O-O-O Nbd7 12. Bxd6 Qxd6 13. Nf4 Bh7 14. Nfh5
Nxh5 15. Nxh5 O-O 16. Bd3 Bxd3 17. Qxd3 g6 18. Ng3 Qf4+ 19. Kb1 Rfd8 20. Ne2 Qf5
21. Qxf5 exf5 22. h5 Kg7 23. Nf4 g5 24. Nd3 Re8 25. Rde1 Re6 26. Rxe6 fxe6 27.
Re1 Kf6 28. f3 Re8 29. Ne5 Nxe5 30. Rxe5 Rd8 31. c3 b6 32. Kc2 Rd5 33. Rxd5 exd5
34. g4 f4 35. Kd3 Ke6 36. a4 Kd6 37. b4 c5 38. bxc5+ bxc5 39. c4 cxd4 40. Kxd4
dxc4 41. Kxc4 Kc6 42. Kd4 Kd6 43. Ke4 {Game drawn by mutual agreement} 1/2-1/2

[Event "Team 45 45 League T41"]
[Site "Internet Chess Club"]
[Date "2009.05.10"]
[Round "2"]
[White "Blade"]
[Black "jesterday"]
[Result "0-1"]
[WhiteElo "2141"]
[BlackElo "1968"]
[Opening "Queen's pawn game"]
[ECO "D00"]
[Time "14:35:56"]
[TimeControl "2700+45"]

1. d4 d5 2. g3 c6 3. Bg2 Bf5 4. Nf3 Nd7 5. O-O Ngf6 6. b3 e6 7. c4 Bd6 8. Ba3
Qe7 9. Bxd6 Qxd6 10. Nbd2 h6 11. c5 Qc7 12. a4 Qa5 13. Nh4 Bh7 14. e3 b6 15.
cxb6 axb6 16. Rc1 c5 17. Nhf3 O-O 18. Qe2 Rfc8 19. Rfd1 Rab8 20. Qe1 b5 21. Ra1
Nb6 22. dxc5 Rxc5 23. axb5 Qxb5 24. Rdc1 Rbc8 25. Rxc5 Qxc5 26. Ra7 Qc1 27. Rb7
Nfd7 28. Bf1 Qxe1 29. Nxe1 Rc1 30. Nef3 Kf8 31. Kg2 f6 32. b4 Ke7 33. Nb3 Rc8
34. Nc5 Rb8 35. Rxb8 Nxb8 36. Nd4 e5 37. Nde6 g6 38. Kf3 Nc6 39. b5 Na7 40. Ng7
Bg8 41. h3 f5 42. g4 Kf6 43. Ne8+ Ke7 44. gxf5 Kxe8 45. fxg6 Ke7 46. Kg4 Kf6 47.
Kh5 Kg7 48. f4 Nc4 49. Bxc4 dxc4 50. f5 c3 51. Nd7 Bc4 52. f6+ Kg8 53. b6 Nc6
54. Kxh6 c2 {White resigns} 0-1

[Event "Team 45 45 League T41"]
[Site "Internet Chess Club"]
[Date "2009.05.09"]
[Round "2"]
[White "makito"]
[Black "Ben622"]
[Result "0-1"]
[WhiteElo "1826"]
[BlackElo "2063"]
[Opening "English: Anglo-Grünfeld defense"]
[ECO "A16"]
[Time "12:04:43"]
[TimeControl "2700+45"]

1. c4 Nf6 2. Nc3 d5 3. cxd5 Nxd5 4. e4 Nxc3 5. bxc3 g6 6. Bc4 Bg7 7. Nf3 O-O 8.
Rb1 c5 9. h3 Nc6 10. O-O Na5 11. Be2 Be6 12. Qc2 b6 13. Ng5 Bc4 14. d3 Ba6 15.
f4 Qd7 16. Be3 Rfd8 17. Rbd1 Bb5 18. Rd2 h6 19. Nf3 Rac8 20. Ne5 Qb7 21. Qb2 Qa6
22. Rb1 Bxe5 23. fxe5 Bxd3 24. Rbd1 Nc4 25. Bxd3 Rxd3 26. Qc2 Nxd2 27. Bxh6 Rcd8
28. Rxd2 Rxd2 29. Bxd2 Qd3 30. Qxd3 Rxd3 31. Be1 Re3 32. Kf1 Rxe4 33. Bg3 Ra4
34. Ke2 Rxa2+ 35. Kf3 Rc2 36. Be1 a5 37. g3 a4 38. Ke3 a3 {White resigns} 0-1

[Event "Team 45 45 League T41"]
[Site "Internet Chess Club"]
[Date "2009.05.11"]
[Round "2"]
[White "TOXIC-AVENGER"]
[Black "besonegro"]
[Result "1-0"]
[WhiteElo "1932"]
[BlackElo "1735"]
[Opening "Scandinavian defense"]
[ECO "B01"]
[Time "09:01:18"]
[TimeControl "2700+45"]

1. e4 d5 2. exd5 Nf6 3. Ne2 Nxd5 4. g3 Bg4 5. Bg2 c6 6. O-O Qd7 7. Re1 Na6 8. d4
h5 9. h4 e6 10. c4 Nf6 11. Nbc3 O-O-O 12. Be3 g6 13. Qa4 Bxe2 14. Rxe2 Ng4 15.
c5 Nxe3 16. fxe3 Kb8 17. b4 Nc7 18. b5 Nxb5 19. Nxb5 cxb5 20. Qb4 e5 21. d5 f5
22. e4 b6 23. d6 bxc5 24. Qxc5 Qxd6 25. Qxb5+ Qb6+ 26. Qxb6+ axb6 27. exf5 gxf5
28. Rf1 Bc5+ 29. Kh2 f4 30. Rxe5 Bd6 31. Rb5 fxg3+ 32. Kh3 Bc5 33. Rf7 Rd2 34.
a4 Ra2 35. Rb7+ Kc8 36. Ra7 Rd8 37. Ra8+ Kd7 38. Ra7+ Ke6 39. Rb3 Bf2 40. Rb5
Rh8 41. Rg5 Ra3 42. Rg6+ Ke5 43. Rd7 Rxa4 44. Rd5+ Kf4 45. Rf6+ Ke3 46. Re6+ Kf4
47. Rf6+ Ke3 48. Rxb6 Ke2 49. Rb2+ Ke3 50. Rb3+ Kf4 51. Rf3+ Ke4 52. Ra3+ {Black
resigns} 1-0

[Event "Team 45 45 League T41"]
[Site "Internet Chess Club"]
[Date "2009.05.12"]
[Round "2"]
[White "playwaycool"]
[Black "izit"]
[Result "1-0"]
[WhiteElo "2066"]
[BlackElo "2172"]
[Opening "Trompowsky attack (Ruth, Opocenský opening)"]
[ECO "A45"]
[Time "14:10:48"]
[TimeControl "2700+45"]

1. d4 Nf6 2. Bg5 Ne4 3. Bf4 c5 4. f3 Qa5+ 5. c3 Nf6 6. Nd2 cxd4 7. Nb3 Qb6 8.
Qxd4 Nc6 9. Qxb6 axb6 10. Nd4 e5 11. Nxc6 exf4 12. Nd4 d5 13. Kf2 Bd6 14. g3 Nh5
15. gxf4 Nxf4 16. e3 Ne6 17. Bb5+ Kf8 18. Nxe6+ Bxe6 19. Ne2 Ke7 20. Rhd1 Rad8
21. Ba4 f5 22. Bb3 f4 23. Nxf4 Bxf4 24. exf4 Rhf8 25. Rd4 Rf5 26. Re1 Kd6 27.
Rb4 Bd7 28. Rxb6+ Bc6 29. Rb4 Rdf8 30. Rd1 Rxf4 31. Rxf4 Rxf4 32. Rd4 Rf7 33. h4
Re7 34. a4 b6 35. Bc2 h6 36. f4 Ra7 37. Ke3 b5 38. axb5 Bxb5 39. Bb3 Re7+ 40.
Kf3 Bc6 41. Bd1 Re1 42. Kg2 Re7 43. Kf2 Rb7 44. b4 Be8 45. Bf3 Bf7 46. Ke3 Re7+
47. Kd2 Rc7 48. c4 Rxc4 49. Rxc4 dxc4 50. Kc3 Kc7 51. Be2 {Black resigns} 1-0

[Event "Team 45 45 League T41"]
[Site "Internet Chess Club"]
[Date "2009.05.09"]
[Round "2"]
[White "kingcapture"]
[Black "Matusalen"]
[Result "1-0"]
[WhiteElo "2260"]
[BlackElo "2017"]
[Opening "Caro-Kann: Steinitz variation"]
[ECO "B17"]
[Time "16:00:07"]
[TimeControl "2700+45"]

1. e4 c6 2. d4 d5 3. Nc3 dxe4 4. Nxe4 Nd7 5. Nf3 Ngf6 6. Ng3 c5 7. Bd3 e6 8. O-O
cxd4 9. Nxd4 Bc5 10. Nb3 Be7 11. f4 O-O 12. Kh1 a5 13. Be3 a4 14. Nd4 Nd5 15.
Bg1 N7f6 16. a3 Qc7 17. Qf3 Bd7 18. Rae1 Bd6 19. Nh5 Nxh5 20. Qxh5 g6 21. Qh4
Be7 22. Qf2 Bf6 23. c3 Rad8 24. Bb1 Qa5 25. Qg3 Ne7 26. Nf3 Nc6 27. Ne5 Nxe5 28.
fxe5 Bg7 29. Bd4 Bc6 30. h4 h5 31. Rf6 Be8 32. Ref1 Qd5 33. R1f2 Qc4 34. Qg5
Rxd4 35. cxd4 Qxd4 36. Rd2 Qb6 37. Rf1 Qa5 38. Re1 Bc6 39. Qe3 Kh7 40. Rf2 Bh6
41. Qe2 Kg8 42. Rf6 Bg7 43. Rf4 Rd8 44. Qf1 Rd2 45. Be4 Bb5 46. Qf3 Rxb2 47. Rc1
Bc6 48. Rxf7 Qd2 49. Rxg7+ {Black resigns} 1-0

[Event "Team 45 45 League T41"]
[Site "Internet Chess Club"]
[Date "2009.05.09"]
[Round "2"]
[White "Gregorio"]
[Black "Chessduke"]
[Result "1-0"]
[WhiteElo "2132"]
[BlackElo "2109"]
[Opening "English opening"]
[ECO "A15"]
[Time "12:32:06"]
[TimeControl "2700+45"]

1. c4 Nf6 2. Nf3 c6 3. g3 d5 4. Bg2 Bf5 5. b3 e6 6. Bb2 Be7 7. O-O O-O 8. d3
Nbd7 9. Nbd2 h6 10. Re1 Qb6 11. e4 Bh7 12. e5 Ne8 13. d4 dxc4 14. Nxc4 Qc7 15.
Nfd2 Nb6 16. Nxb6 axb6 17. a4 Bb4 18. Re3 g5 19. Ne4 Bxe4 20. Bxe4 Qe7 21. Qh5
Kg7 22. h4 Nc7 23. Rf3 Nd5 24. Bxd5 cxd5 25. Rf6 Rh8 26. hxg5 hxg5 27. Qxg5+ Kf8
28. Rc1 Qd7 29. Qg6 Rg8 30. Qh6+ Ke8 31. Qh7 Rf8 32. Rc2 Rc8 33. Kg2 Rxc2 34.
Qxc2 Qc6 35. Qd3 Rh8 36. Rf4 Ke7 37. Rg4 Rc8 38. Rg7 Qc2 39. Qb5 Kf8 40. Rg4 Be1
41. Ba3+ {Black resigns} 1-0

[Event "Team 45 45 League T41"]
[Site "Internet Chess Club"]
[Date "2009.05.09"]
[Round "2"]
[White "frothyjowels"]
[Black "syy89"]
[Result "1-0"]
[WhiteElo "2397"]
[BlackElo "2111"]
[Opening "King's Indian: Petrosian system, Stein variation"]
[ECO "E92"]
[Time "12:00:10"]
[TimeControl "2700+45"]

1. Nf3 Nf6 2. c4 g6 3. Nc3 Bg7 4. e4 d6 5. d4 O-O 6. Be2 e5 7. d5 a5 8. h3 Na6
9. Bg5 h6 10. Be3 Nh7 11. Qd2 g5 12. h4 g4 13. Nh2 h5 14. O-O-O f5 15. exf5 Bxf5
16. f3 Qd7 17. fxg4 hxg4 18. h5 Nb4 19. a3 Nc2 20. Rdf1 Nd4 21. Bxd4 exd4 22.
Nb5 Rae8 23. Rxf5 Qxf5 24. Bxg4 Qf6 25. Qd3 Re7 26. Be6+ Kh8 27. Nf3 Qf4+ 28.
Kb1 c5 29. Nh4 {Black resigns} 1-0

[Event "Team 45 45 League T41"]
[Site "Internet Chess Club"]
[Date "2009.05.08"]
[Round "2"]
[White "Pason"]
[Black "eurander"]
[Result "0-1"]
[WhiteElo "2086"]
[BlackElo "2209"]
[Opening "Caro-Kann: exchange variation"]
[ECO "B13"]
[Time "15:00:21"]
[TimeControl "2700+45"]

1. e4 c6 2. d4 d5 3. exd5 cxd5 4. Bd3 Nc6 5. c3 Qc7 6. h3 Nf6 7. Nf3 e6 8. Bg5
Bd6 9. Nbd2 Bd7 10. Rc1 h6 11. Be3 Rc8 12. O-O O-O 13. c4 dxc4 14. Nxc4 Bf4 15.
Nce5 Nd5 16. Qe2 Nxd4 17. Nxd4 Qxe5 18. Nf3 Qh5 19. Rxc8 Rxc8 20. Bxa7 Ra8 21.
Bc5 Bc6 22. Nd4 Qxe2 23. Bxe2 Bd7 24. a3 b6 25. Bb4 Nxb4 26. axb4 Ra2 27. Rb1
Be5 28. Bc4 Ra8 29. Nf3 Bf6 30. Nd2 Ra4 31. b5 Rb4 32. b3 Bxb5 33. Bxb5 Rxb5 34.
Nc4 Bd4 35. Rd1 Rd5 36. Kf1 b5 37. Na3 e5 38. Nc2 Kf8 39. Nxd4 exd4 40. Ke2 Ke7
41. Kd3 Kd6 42. b4 Rg5 43. g3 Rh5 44. h4 Rd5 45. Ra1 Ke5 46. Re1+ Kf6 47. Re4
Rf5 48. f4 Rd5 49. Rxd4 Ke6 50. Ke4 f5+ 51. Ke3 h5 52. Kd3 Rxd4+ 53. Kxd4 Kd6
54. Ke3 Kd5 55. Kd3 g6 56. Kc3 Ke4 57. Kd2 Kd4 {White resigns} 0-1

[Event "Team 45 45 League T41"]
[Site "Internet Chess Club"]
[Date "2009.05.10"]
[Round "2"]
[White "ZombieKnight"]
[Black "gorgon"]
[Result "0-1"]
[WhiteElo "1701"]
[BlackElo "2041"]
[Opening "Sicilian defense"]
[ECO "B20"]
[Time "15:01:32"]
[TimeControl "2700+45"]

1. e4 c5 2. Na3 b6 3. f4 Bb7 4. d3 Nc6 5. Nf3 d5 6. e5 e6 7. c3 Rc8 8. Nc2 Be7
9. d4 f6 10. Bb5 a6 11. Bxc6+ Bxc6 12. g4 fxe5 13. fxe5 Bh4+ 14. Ke2 Bb5+ 15.
Kd2 a5 16. a4 Ba6 17. Ne3 Nh6 18. h3 O-O 19. Ng2 Be7 20. Kc2 cxd4 21. Bxh6 gxh6
22. h4 dxc3 23. bxc3 Bb4 {White resigns} 0-1

[Event "Team 45 45 League T41"]
[Site "Internet Chess Club"]
[Date "2009.05.09"]
[Round "2"]
[White "SlimeDog2"]
[Black "Zkid"]
[Result "1-0"]
[WhiteElo "2245"]
[BlackElo "2208"]
[Opening "Dutch with c4 & Nc3"]
[ECO "A87"]
[Time "01:06:44"]
[TimeControl "2700+45"]

1. d4 f5 2. c4 Nf6 3. Nc3 g6 4. g3 Bg7 5. Bg2 d6 6. Nf3 O-O 7. O-O Qe8 8. d5 Na6
9. Rb1 Bd7 10. b4 c5 11. dxc6 bxc6 12. a3 Qf7 13. Qd3 Be6 14. Nd2 Ng4 15. f4 Qf6
16. Nd1 Qd4+ 17. Qxd4 Bxd4+ 18. Kh1 Rac8 19. h3 Ne3 20. Nf3 Nxf1 21. Nxd4 Nxg3+
22. Kh2 Bxc4 23. Kxg3 c5 24. Nc6 Rc7 25. Ne3 Bb5 26. Nd5 Bxc6 27. Nxc7 Bxg2 28.
Nxa6 Be4 29. Rb2 c4 30. Bd2 Rc8 31. Bc3 Bb7 32. b5 Bxa6 33. bxa6 Rc6 34. a4 Kf7
35. a5 d5 36. e3 Rxa6 37. Rb7 Re6 38. Kf3 a6 39. Rb6 Rd6 40. Be5 Re6 41. h4 h6
42. Bd4 Rd6 43. Bc5 Re6 44. Bb4 Kf6 45. Bc3+ Kf7 46. Ke2 Rd6 47. Bb4 Re6 48. Kd2
g5 49. fxg5 hxg5 50. hxg5 d4 51. exd4 f4 52. d5 Re3 53. g6+ Kg7 54. Bc3+ e5 55.
Re6 Rd3+ 56. Kc2 f3 57. Bxe5+ Kh6 58. g7+ Kh7 59. Re8 {Black resigns} 1-0

[Event "Team 45 45 League T41"]
[Site "Internet Chess Club"]
[Date "2009.05.08"]
[Round "2"]
[White "f5"]
[Black "cillu"]
[Result "1/2-1/2"]
[WhiteElo "2170"]
[BlackElo "2248"]
[Opening "Sicilian: closed"]
[ECO "B23"]
[Time "15:13:56"]
[TimeControl "2700+45"]

1. e4 c5 2. Nc3 e6 3. Nge2 Nc6 4. g3 d5 5. exd5 exd5 6. Bg2 Nf6 7. d3 Be7 8. Bg5
d4 9. Bxf6 Bxf6 10. Nd5 O-O 11. O-O Re8 12. Nxf6+ Qxf6 13. Nf4 Bd7 14. a3 Qd6
15. Qf3 Rab8 16. Rfe1 Ne5 17. Qd5 Qxd5 18. Bxd5 Bc6 19. Kg2 g5 20. Bxc6 bxc6 21.
Nh5 Re6 22. b3 Rbe8 23. h3 Ng6 24. Rxe6 Rxe6 25. Kf1 f5 26. Re1 Kf7 27. Rxe6
Kxe6 28. f4 gxf4 29. Nxf4+ Nxf4 30. gxf4 Kd6 31. Ke2 a5 32. Kd2 Kc7 33. a4 Kd6
34. Ke2 {Game drawn by mutual agreement} 1/2-1/2

[Event "Team 45 45 League T41"]
[Site "Internet Chess Club"]
[Date "2009.05.10"]
[Round "2"]
[White "BigTweeds"]
[Black "evan94131"]
[Result "1/2-1/2"]
[WhiteElo "2013"]
[BlackElo "1852"]
[Opening "Sicilian: closed, 6.Be3"]
[ECO "B26"]
[Time "20:14:14"]
[TimeControl "2700+45"]

1. e4 c5 2. Nc3 Nc6 3. g3 g6 4. Bg2 Bg7 5. d3 d6 6. Be3 Rb8 7. Qd2 b5 8. f4 Nd4
9. Nf3 b4 10. Nd1 e6 11. O-O Ne7 12. c3 Nxf3+ 13. Bxf3 bxc3 14. bxc3 a5 15. Nf2
O-O 16. Rfb1 Ba6 17. Rxb8 Qxb8 18. d4 cxd4 19. cxd4 Qb5 20. Bg2 a4 21. Rc1 Rc8
22. Rxc8+ {Game drawn by mutual agreement} 1/2-1/2